 Dungeon Crawl Stone Soup version 0.28.0 (webtiles) character file.

Game seed: 17221477809349601505

493 Ajdolov the Digger (level 7, 0/41 HPs)
             Began as an Octopode Earth Elementalist on Feb 8, 2022.
             Slain by a killer bee (10 damage)
             ... on level 5 of the Dungeon.
             The game lasted 00:09:23 (5876 turns).

Ajdolov the Digger (Octopode Earth Elementalist)    Turns: 5876, Time: 00:09:24

Health: 0/41       AC:  1    Str:  7    XL:     7   Next: 15%
Magic:  10/10      EV: 13    Int: 19    God:
Gold:   107        SH:  0    Dex: 13    Spells: 6/10 levels left

rFire   . . .      SeeInvis .   a - +2 dagger (elec)
rCold   . . .      Faith    .   (no shield)
rNeg    . . .      Spirit   .   (helmet restricted)
rPois   .          Reflect  .   (no amulet)
rElec   .          Harm     .   d - ring of resist corrosion
rCorr   +          Rampage  .   k - ring of willpower
Will    +....                   (no ring)
Stlth   +++.......              (no ring)
HPRegen 0.13/turn               (no ring)
MPRegen 0.12/turn               (no ring)
                                (no ring)
                                (no ring)

@: hasted, very quick
A: almost no armour, amphibious, 8 rings, camouflage 1, gelatinous body 1,
(nimble swimmer 1), tentacles
a: no special abilities


You were on level 5 of the Dungeon.
You visited 1 branch of the dungeon, and saw 5 of its levels.

You collected 162 gold pieces.
You spent 55 gold pieces at shops.

Inventory:

Hand Weapons
 a - a +2 dagger of electrocution (weapon)
Missiles
 b - 114 stones
Jewellery
 d - a ring of resist corrosion (left tentacle)
 k - a ring of willpower (right tentacle)
Wands
 j - a wand of mindburst (21)
Scrolls
 c - 2 scrolls of teleportation {unknown}
 e - 2 scrolls of identify
 f - 2 scrolls of vulnerability {unknown}
 i - a scroll of immolation {unknown}
 l - 3 scrolls of fog
 n - a scroll of enchant weapon {unknown}
Potions
 g - a potion of haste
 o - 2 potions of ambrosia


   Skills:
 - Level 2.0 Dodging
 - Level 2.6 Stealth
 - Level 2.0 Spellcasting
 * Level 3.8 Conjurations
 - Level 1.0 Transmutations
 + Level 6.7 Earth Magic


You had 6 spell levels left.
You knew the following spells:

 Your Spells              Type           Power      Damage    Failure   Level
a - Sandblast             Erth           54%        2d13      1%          1
b - Stone Arrow           Conj/Erth      44%        3d9       6%          3

Your spell library contained the following spells:

 Spells                   Type           Power      Damage    Failure   Level
 Passwall                 Tmut/Erth      13%        N/A       5%          2
 Blink                    Tloc           2%         N/A       26%         2
 Petrify                  Tmut/Erth      16%        N/A       34%         4
 Lesser Beckoning         Tloc           1%         N/A       45%         3
 Manifold Assault         Tloc           1%         N/A       99%         5


Dungeon Overview and Level Annotations

Branches:
Dungeon (5/15)
 Temple: D:4-7

Altars:

Shops:
D:1 :   D:4 ([(   D:5 **[

Annotations:
D:3 Robin
D:4 2 runed translucent doors, saveriu's ghost, amateur HOFi


Innate Abilities, Weirdness & Mutations

You cannot wear most types of armour.
You are amphibious.
You can wear up to eight rings at the same time.
Your skin changes colour to match your surroundings (Stealth+).
Your rubbery body absorbs attacks. (AC +1, EV +1)
((You are camouflaged when in or above water. (Stealth+)))
You have tentacles for arms and can constrict up to eight enemies at once.


Message History

Your squeeze misses the killer bee.
You feel sick. The killer bee barely misses you. The killer bee stings you.
You are more poisoned.
The killer bee poisons you!
You miss the killer bee. You grab the killer bee. You squeeze the killer bee!
The killer bee is heavily wounded.
You constrict the killer bee.
You feel very sick. The killer bee stings you!
* * * LOW HITPOINT WARNING * * *
The killer bee stings you!
* * * LOW HITPOINT WARNING * * *
You are more poisoned.
The killer bee poisons you!
You feel better.
You constrict the killer bee.
The killer bee stings you but does no damage.
The killer bee stings you.
You are poisoned.
The killer bee poisons you!
Unknown command.
You feel yourself speed up.
You constrict the killer bee.
You feel sick. The killer bee stings you.
* * * LOW HITPOINT WARNING * * *
The killer bee closely misses you.
You hit the killer bee.
You kill the killer bee!
You feel sick.
You barely miss the killer bee. Your grab misses the killer bee.
Your tentacle-slap misses the killer bee.
Your squeeze misses the killer bee.
You feel sick. The killer bee closely misses you.
You hit the killer bee but do no damage.
Your grab misses the killer bee. The killer bee stings you.
* * * LOW HITPOINT WARNING * * *
The killer bee stings you.
* * * LOW HITPOINT WARNING * * *
You feel better. The killer bee barely misses you.
You closely miss the killer bee. Your grab misses the killer bee.
Your squeeze misses the killer bee. The killer bee stings you!
You die...

....#...##.###########.##.######.
###.....##.#####..............##.
.<#...........##......##.>.##....
#.#.....##...8##...........#.....
#.##....##....##.......#.#.#.#...
#.......##.8<∩(8.......#....∩....
#######.##....##......######.#...
#.#####8######'## ###..... #..
#....y@....# #.......
###.#.########## #....... .#..y#
#.....## #####.# #.....# .
#..[..# #.....# ... #..y.##
#.....# .y...##....# #.....#
...........# #.....# .....##....#
#.....#


You could see a killer bee.

Vanquished Creatures
  A phantom (D:5)
  2 scorpions (D:5)
  A killer bee (D:5)
  2 orc priests
  A hound (D:5)
  An orc wizard (D:3)
  4 adders (D:2)
  2 ufetubi
  An adder skeleton (D:5)
  A dart slug (D:3)
  11 orcs
  9 endoplasms
  4 giant cockroaches
  9 goblins
  7 hobgoblins
  6 jackals
  4 quokkas
  6 ball pythons
  3 bats (D:1)
  5 frilled lizards
  6 kobolds
  3 rats
89 creatures vanquished.

Notes
Turn   | Place    | Note
-------+----------+-------------------------------------------
     0 | D:1      | Ajdolov the Octopode Earth Elementalist began the quest for
                  | the Orb.
     0 | D:1      | Reached XP level 1. HP: 11/11 MP: 3/3
   251 | D:1      | Reached XP level 2. HP: 17/17 MP: 5/5
   255 | D:1      | Found Waraga's Book Shoppe.
   707 | D:1      | Reached skill level 4 in Earth Magic
   749 | D:1      | Reached XP level 3. HP: 21/21 MP: 6/6
   753 | D:1      | Learned a level 3 spell: Stone Arrow
  1002 | D:1      | Found a faded altar of an unknown god.
  1556 | D:2      | Reached XP level 4. HP: 27/27 MP: 3/7
  1871 | D:2      | Reached skill level 5 in Earth Magic
  2607 | D:3      | Noticed Robin
  2753 | D:3      | Noticed an orc warrior
  3027 | D:3      | Reached XP level 5. HP: 15/31 MP: 8/8
  3039 | D:3      | Reached skill level 6 in Earth Magic
  3493 | D:4      | Found a runed translucent door.
  3499 | D:4      | Noticed saveriu's ghost (amateur HOFi)
  3875 | D:4      | Reached skill level 1 in Conjurations
  4189 | D:4      | Found Soykk's Weapon Shoppe.
  4234 | D:4      | Found Vupi's Antique Armour Shop.
  4316 | D:4      | Found Viot Huloega's Weapon Boutique.
  4326 | D:4      | Reached XP level 6. HP: 36/36 MP: 9/9
  4559 | D:4      | Found a runed translucent door.
  4775 | D:5      | Entered Level 5 of the Dungeon
  5407 | D:5      | Found Ostex's Assorted Antiques.
  5432 | D:5      | Found Goceanwu's General Store.
  5438 | D:5      | Bought a scroll of identify for 22 gold pieces
  5438 | D:5      | Bought a potion of curing for 33 gold pieces
  5484 | D:5      | Noticed an ice beast
  5599 | D:5      | Reached XP level 7. HP: 28/41 MP: 10/10
  5791 | D:5      | Found Quhurac's Armour Emporium.
  5874 | D:5      | HP: 2/41 [killer bee (1)]
  5876 | D:5      | Slain by a killer bee

Illustrated notes

Levels and vault maps discovered:
D:1:      lightli_arrival_quake, layout_loops_corners, serial_shops, shop,
          ebering_ecumenical_altar_hall, minmay_split_cup_small
D:2:      layout_basic
D:3:      layout_rooms, minmay_divided_ellipse, uniq_robin
D:4:      layout_loops_corners, serial_co_window_serial, co_window_corner_a,
          co_window_of_opportunity_a, co_window_corner_a, co_window_paths_a,
          co_window_paths_a, co_window_corner_cb, co_window_broadway_b,
          co_window_corner_ca, co_window_4corner_a, co_window_paths_e,
          glass_columns_b, glass_columns_a, serial_shops,
          nicolae_shop_advertising_works [nicolae_subvault_shop_adworks],
          nicolae_shop_stone, nicolae_shop_crystal, ebering_ghost_sewer_f
D:5:      layout_basic, minitemple, mainiacjoe_overflow_alcove_4, serial_shops,
          shop, kennysheep_mini, nicolae_shop_crystal, nicolae_shop_statue_plus,
          minmay_hedge_maze

Skill      XL: |  1  2  3  4  5  6 |
---------------+-------------------+-----
Earth Magic    | 4 5 6 |  6.7
Conjurations   | 1 3 |  3.8
Dodging        | |  2.0
Stealth        | |  2.6
Spellcasting   | |  2.0
Transmutations | |  1.0

Action                   |  1- 3 |  4- 6 |  7- 9 || total
-------------------------+-------+-------+-------++-------
Melee: Unarmed           |     5 |       |       ||     5
       Constrict         |    11 |    29 |     2 ||    42
       Tentacles         |    10 |    20 |     2 ||    32
       Dagger            |    46 |   104 |    10 ||   160
       Punch             |       |     1 |       ||     1
 Cast: Sandblast         |    12 |     8 |       ||    20
  Use: Scroll            |       |     4 |       ||     4
       Potion            |       |       |     3 ||     3
 Stab: Sleeping          |     9 |    11 |       ||    20
       Distracted        |       |     1 |       ||     1
Armor: Skin              |     7 |     7 |     2 ||    16
Dodge: Dodged            |    28 |    63 |    10 ||   101
